AoeStats
← CazadorGT

Arabia

508491004Analyzed
2v2 RM · 10d ago on Sep 22, 2026· 27m 5s· 4 players
Game mode
Random Map
Map size
Medium (4 player)
Population
200
Speed
Normal
Resources
Standard
Victory
Conquest
Starting age
Dark Age
Ending age
Imperial Age
RankedLock teamsTeams togetherTeam positionsShared explorationLock speedFull tech treeHidden civsTurbo modeCheats
Victory
Defeat
🇬🇹 Franks · Guatemala
1156
+16
🇻🇪 Malay · Venezuela
1044
+21
🇦🇷 Magyars · Argentina
1175
-19
🇺🇦 Italians · Ukraine
1138
-18
ARQUVICII ◢ ◤
6:36 Loom
9:20 Feudal Age
10:06 Double-Bit Axe
16:03 Town Watch
19:48 Castle Age
18:50 Bloodlines
19:21 Horse Collar
Sealion42
7:06 Loom
9:18 Feudal Age
11:15 Double-Bit Axe
12:01 Fletching
13:36 Town Watch
20:41 Castle Age
19:57 Padded Archer Armor
20:59 Horse Collar
20:44 Crossbowman
22:07 Bow Saw
23:36 Forging
24:07 Bodkin Arrow
24:49 Ballistics
CazadorGT
6:08 Loom
6:20 Loom
9:09 Feudal Age
11:06 Double-Bit Axe
15:34 Forging
15:31 Scale Barding Armor
22:30 Castle Age
21:40 Forging
24:41 Iron Casting
24:18 Town Watch
25:11 Wheelbarrow
25:16 Husbandry
dejame_ganar
10:05 Feudal Age
9:31 Loom
15:32 Castle Age
18:42 Double-Bit Axe
20:45 Forging
Connection lost

Rejoining the realm…

Still unreachable

The connection could not be restored.

Session expired

The server has moved on; the page needs a fresh start.